 Dungeon Crawl Stone Soup version 0.27.1 (webtiles) character file.

Game seed: 7704770863430995397

255 Malachi the Poker (level 5, -2/42 HPs)
             Began as a Demonspawn Monk on Aug 25, 2021.
             Was a Priest of Jiyva.
             Slain by a sky beast (5 damage)
             ... on level 5 of the Dungeon.
             The game lasted 00:04:27 (4514 turns).

Malachi the Poker (Demonspawn Monk)                 Turns: 4514, Time: 00:04:28

Health: -2/42      AC:  8    Str: 10    XL:     5   Next: 91%
Magic:  5/5        EV: 14    Int: 10    God:    Jiyva [***...]
Gold:   991        SH:  0    Dex: 22    Spells: 4/4 levels left

rFire    . . .     SeeInvis .   a - +1 spear
rCold    . . .     Faith    .   (no shield)
rNeg     . . .     Spirit   .   b - +0 robe
rPois    .         Reflect  .   (helmet restricted)
rElec    .         Harm     .   (no cloak)
rCorr    +         Rampage  .   o - +2 pair of gloves {Dex+3}
Will     .....                  j - +0 pair of boots
Stlth    ++........             (no amulet)
HPRegen  0.14/turn              (no ring)
MPRegen  0.09/turn              (no ring)

@: brilliant
A: antennae 1, yellow scales 1, subdued magic 1
a: Renounce Religion, Request Jelly


You were on level 5 of the Dungeon.
You worshipped Jiyva.
Jiyva was most pleased with you.
You visited 1 branch of the dungeon, and saw 5 of its levels.

You collected 991 gold pieces.

Inventory:

Hand Weapons
 a - a +1 spear (weapon)
Armour
 b - a +0 robe (worn)
 j - a +0 pair of boots (worn)
 o - a +2 pair of gloves of dexterity (worn)
Jewellery
 d - a ring of wizardry
Potions
 k - a potion of curing {unknown}
 l - a potion of attraction {unknown}
 m - a potion of haste {unknown}


   Skills:
 + Level 3.6 Fighting
 * Level 5.3 Polearms
 + Level 3.4 Dodging
 - Level 1.7 Stealth


You had 4 spell levels left.
You didn't know any spells.
Your spell library contained the following spells:

 Spells                   Type           Power      Damage    Failure   Level
 Inner Flame              Hex/Fire       0%         N/A       71%         3
 Cause Fear               Hex            0%         N/A       98%         4
 Discord                  Hex            0%         N/A       100%        8


Dungeon Overview and Level Annotations

Branches:
Dungeon (5/15)
 Temple: D:4-7

Altars:
Jiyva

Annotations:
D:5 Prince Ribbit


Innate Abilities, Weirdness & Mutations

You have a pair of small antennae on your head.
You are partially covered in yellow scales. (AC +2)
Your spells are a little easier to cast, but a little less powerful.


Message History

The adder is heavily wounded.
You feel sick. The adder closely misses you.
You miss the adder.
The adder is heavily wounded.
You feel sick. The adder closely misses you.
You hit the adder.
The adder is severely wounded.
You feel sick.
Prince Ribbit says, "You're just another fly to me."
The adder bites you but does no damage.
You hit the adder.
You kill the adder!
You feel sick.
Prince Ribbit blinks!
You barely miss the sky beast.
The sky beast is lightly wounded.
You feel sick.
The sky beast hits you but does no damage.
You feel sick.
You are no longer poisoned.
Prince Ribbit hits you but does no damage.
Prince Ribbit completely misses you.
You closely miss the sky beast.
The sky beast is lightly wounded.
Prince Ribbit hits you. The sky beast barely misses you.
You hit the sky beast.
The sky beast is lightly wounded.
Prince Ribbit hits you!
* * * LOW HITPOINT WARNING * * *
The sky beast barely misses you.
You hit the sky beast.
The sky beast is moderately wounded.
Prince Ribbit misses you.
You aren't carrying any scrolls.
Unknown command.
It was a potion of brilliance.
You feel clever all of a sudden. Prince Ribbit closely misses you.
The sky beast hits you.
* * * LOW HITPOINT WARNING * * *
The sky beast shocks you.
You die...

#.#{
########.####..........
#.#{
#................##....
#.#
#.####.####.#.##)##.###
#.#{ #.# #.?........
#.# #.# ......$.....
#.# #.# #.............
#.# #†# #............#
##.# #Y# ...# #@# .###
#F# .###.# #.# .....#
#.. .##### ### W# .# .#
..


You could see Prince Ribbit and a sky beast.

Vanquished Creatures
  Edmund (D:4)
  2 jellies (D:4)
  An iguana (D:4)
  An orc wizard (D:4)
  5 adders
  A worm (D:3)
  A dart slug (D:2)
  3 orcs (D:4)
  6 bats
  5 endoplasms (D:1)
  2 giant cockroaches
  4 hobgoblins
  2 jackals (D:2)
  4 kobolds
  3 quokkas
  5 ball pythons
  A frilled lizard (D:1)
  4 goblins
  5 rats
56 creatures vanquished.

Vanquished Creatures (others)
  A scorpion (D:4)
  4 jellies (D:4)
  An adder (D:4)
  4 gnolls (D:4)
  3 endoplasms
  4 orcs (D:4)
  2 ball pythons
  3 goblins (D:4)
  3 hobgoblins
  3 jackals (D:3)
  A quokka (D:2)
  2 bats
31 creatures vanquished.

Grand Total: 87 creatures vanquished

Notes
Turn   | Place    | Note
-------+----------+-------------------------------------------
     0 | D:1      | Malachi the Demonspawn Monk began the quest for the Orb.
     0 | D:1      | Reached XP level 1. HP: 18/18 MP: 1/1
   227 | D:1      | Reached skill level 3 in Polearms
   309 | D:1      | Gained mutation: You have a pair of small antennae on your
                  | head. [demonic ancestry]
   309 | D:1      | Reached XP level 2. HP: 24/24 MP: 2/2
   696 | D:1      | Found a faded altar of an unknown god.
   771 | D:1      | Became a worshipper of Jiyva Jeno the Shapeless
   771 | D:1      | Reached * piety under Jiyva
   771 | D:1      | Reached ** piety under Jiyva
  1207 | D:2      | Reached XP level 3. HP: 26/29 MP: 3/3
  1631 | D:2      | Reached *** piety under Jiyva
  1631 | D:2      | Gained mutation: Your spells are a little easier to cast,
                  | but a little less powerful. [Jiyva's grace]
  1672 | D:2      | Reached skill level 4 in Polearms
  1672 | D:2      | Reached XP level 4. HP: 27/35 MP: 4/4
  2973 | D:4      | Killed a scorpion
  3123 | D:4      | Gained mutation: You are partially covered in yellow
                  | scales. (AC +2) [demonic ancestry]
  3123 | D:4      | Reached XP level 5. HP: 29/41 MP: 5/5
  3198 | D:4      | Reached **** piety under Jiyva
  3604 | D:4      | Noticed Edmund
  3749 | D:4      | Identified a scroll of acquirement
  3749 | D:4      | Acquired 919 gold pieces
  3754 | D:4      | Killed Edmund
  3755 | D:4      | Reached skill level 5 in Polearms
  4456 | D:5      | Entered Level 5 of the Dungeon
  4467 | D:5      | Noticed a phantom
  4473 | D:5      | Noticed Prince Ribbit
  4473 | D:5      | Noticed a sky beast
  4514 | D:5      | Slain by a sky beast

Illustrated notes

Levels and vault maps discovered:
D:1:      erik_arrival_triangle_small, layout_basic, basic_ecumenical_altar
D:2:      minmay_recursive_quarters, layout_basic, minmay_misc_feat_diagonals,
          kennysheep_generic_room_8
D:3:      layout_basic
D:4:      layout_layer_cave, uniq_edmund
D:5:      layout_loops_ring, trog_ov_bears_minmay, uniq_prince_ribbit1,
          uniq_menkaure

Skill      XL: |  1  2  3  4  5 |
---------------+----------------+-----
Polearms       | 3 4 5 |  5.3
Dodging        | 3 |  3.4
Fighting       | |  3.6
Stealth        | |  1.7

Action                   |  1- 3 |  4- 6 || total
-------------------------+-------+-------++-------
Melee: Spear             |   171 |   131 ||   302
  Use: Potion            |     1 |     1 ||     2
       Scroll            |       |     6 ||     6
 Stab: Sleeping          |     6 |     2 ||     8
       Distracted        |     1 |       ||     1
Armor: Robe              |    28 |    31 ||    59
Dodge: Dodged            |    85 |    60 ||   145
